 Dungeon Crawl Stone Soup version 0.27-a0-1529-g1e82c303ef (webtiles) character file.

Game seed: 1936406875118539334

85 Morbidden the Stinger (level 4, -7/32 HPs)
             Began as a Demonspawn Venom Mage on July 12, 2021.
             Mangled by Sigmund (14 damage)
             ... on level 2 of the Dungeon.
             The game lasted 00:03:42 (2294 turns).

Morbidden the Stinger (Demonspawn Venom Mage)       Turns: 2294, Time: 00:03:43

Health: -7/32      AC:  4    Str:  9    XL:     4   Next: 25%
Magic:  4/8        EV: 12    Int: 17    God:
Gold:   8          SH:  0    Dex: 13    Spells: 6/9 levels left

rFire    . . .     SeeInvis .   c - +0 dagger
rCold    . . .     Faith    .   (no shield)
rNeg     . . .     Spirit   .   a - +0 robe
rPois    .         Reflect  .   (no helmet)
rElec    .         Harm     .   (no cloak)
rCorr    .         Rampage  .   (no gloves)
Will     .....                  (no boots)
Stlth    ++........             (no amulet)
HPRegen  0.10/turn              (no ring)
MPRegen  0.11/turn              (no ring)

@: no status effects
A: yellow scales 1
a: no special abilities


You were on level 2 of the Dungeon.
You visited 1 branch of the dungeon, and saw 2 of its levels.

You collected 8 gold pieces.

Inventory:

Hand Weapons
 c - a +0 dagger (weapon)
Armour
 a - a +0 robe (worn)
Jewellery
 f - a +6 ring of strength
Scrolls
 b - a scroll of blinking {unknown}
 d - 2 scrolls of enchant armour {unknown}
 e - a scroll of identify {unknown}
Potions
 g - a potion of resistance {unknown}


   Skills:
 * Level 1.2 Fighting
 + Level 2.0 Dodging
 + Level 2.0 Stealth
 * Level 3.0 Spellcasting
 * Level 1.2 Transmutations
 * Level 0.2 Air Magic
 * Level 3.5 Poison Magic


You had 6 spell levels left.
You knew the following spells:

 Your Spells              Type           Power      Damage    Failure   Level
a - Sting                 Tmut/Pois      40%        1d5       6%          1
b - Poisonous Vapours     Pois/Air       18%        N/A       12%         2

Your spell library contained the following spells:

 Spells                   Type           Power      Damage    Failure   Level
 Mephitic Cloud           Conj/Pois/Air  6%         N/A       30%         3
 Olgreb's Toxic Radiance  Pois           14%        N/A       36%         4


Dungeon Overview and Level Annotations

Branches:
Dungeon (2/15)

Altars:

Annotations:
D:2 1 runed translucent door, Crazy Yiuf, Sigmund


Innate Abilities, Weirdness & Mutations

You are partially covered in yellow scales. (AC +2)


Message History

Confirm with . or Enter, or press ? or * to list all spells.
Aiming: Poisonous Vapours (safe; 12% risk of failure)
Press: ? - help, Dir - move target, f - rat
Aim: a rat Poisonous vapours surround the rat!
The rat is poisoned.
The rat barely misses you.
You hit the rat.
You kill the rat!
No target in view!
Key pressed, stopping explore.
No target in view!
Key pressed, stopping explore.
No target in view!
Key pressed, stopping explore.
No target in view!
No target in view!
Sigmund is nearby!
Sigmund is nearby!
You barely miss Sigmund.
Sigmund shouts!
Sigmund hits you with a +4 scythe of protection!
Sigmund is nearby!
Casting: Poisonous Vapours (safe; 12% risk of failure)
Confirm with . or Enter, or press ? or * to list all spells.
Aiming: Poisonous Vapours (safe; 12% risk of failure)
Press: ? - help, Dir - move target, f - Sigmund
Aim: Sigmund, wielding a +4 scythe of protection and wearing a +0 robe Poisonous vapours surround Sigmund!
Sigmund is poisoned.
Sigmund barely misses you.
Unknown command.
Casting: Poisonous Vapours (safe; 12% risk of failure)
Confirm with . or Enter, or press ? or * to list all spells.
Aiming: Poisonous Vapours (safe; 12% risk of failure)
Press: ? - help, Dir - move target, f/p - Sigmund
Aim: Sigmund, wielding a +4 scythe of protection and wearing a +0 robe (poisoned) Poisonous vapours surround Sigmund!
Sigmund looks even sicker.
Sigmund hits you with a +4 scythe of protection!
* * * LOW HITPOINT WARNING * * *
Sigmund hits you from afar with a +4 scythe of protection!
You die...

#. ## #.#..
..... #.#.#
#.#.# #.#.#
...####.#@#.#.##
................
..####@#...#.##
#.#####.# #.# .#
#####.# #.#
#.....#####.# ..
####........#
#####..
###........#
#....#
............#
#....#
#####.......#
#....#


You could see Sigmund (very poisoned).

Vanquished Creatures
  4 adders (D:2)
  A worm (D:2)
  An orc (D:2)
  4 bats
  5 endoplasms
  2 giant cockroaches (D:1)
  4 goblins (D:2)
  5 hobgoblins
  5 jackals
  3 kobolds (D:1)
  2 quokkas
  2 frilled lizards
  2 rats
40 creatures vanquished.

Notes
Turn   | Place    | Note
-------+----------+-------------------------------------------
     0 | D:1      | Morbidden the Demonspawn Venom Mage began the quest for the
                  | Orb.
     0 | D:1      | Reached XP level 1. HP: 13/13 MP: 3/3
   170 | D:1      | Gained mutation: You are partially covered in yellow
                  | scales. (AC +2) [demonic ancestry]
   170 | D:1      | Reached XP level 2. HP: 19/19 MP: 3/5
   437 | D:1      | Learned a level 2 spell: Poisonous Vapours
   750 | D:2      | Reached skill level 1 in Transmutations
   834 | D:2      | Reached XP level 3. HP: 17/25 MP: 0/6
  1228 | D:2      | Found a faded altar of an unknown god.
  1270 | D:2      | Reached skill level 1 in Fighting
  1287 | D:2      | Reached XP level 4. HP: 5/32 MP: 0/8
  1305 | D:2      | Noticed Sigmund
  2037 | D:2      | Found a runed translucent door.
  2038 | D:2      | Noticed Crazy Yiuf
  2294 | D:2      | Mangled by Sigmund

Illustrated notes

Levels and vault maps discovered:
D:1:      heliophobic_arrival_enchanted_forest, layout_loops_ring, serial_shops,
          shop_statue
D:2:      layout_basic, hellmonk_ecumenical_altar_blasted,
          guppyfry_early_orc_mine, uniq_crazy_yiuf_cottage, uniq_sigmund

Skill      XL: |  1  2  3  4 |
---------------+-------------+-----
Stealth        | 2 |  2.0
Dodging        | 2 |  2.0
Transmutations | 1 |  1.2
Fighting       | 1 |  1.2
Spellcasting   | 3 |  3.0
Air Magic      | |  0.2
Poison Magic   | |  3.5

Action                   |  1- 3 |  4- 6 || total
-------------------------+-------+-------++-------
Melee: Unarmed           |    18 |       ||    18
       Dagger            |    23 |    11 ||    34
 Cast: Sting             |    59 |    12 ||    71
       Poisonous Vapours |     2 |    12 ||    14
Armor: Robe              |    29 |     6 ||    35
Dodge: Dodged            |    71 |    10 ||    81

Table legend: (Time is in decaauts)
 A = Elapsed time spent in this place.
 B = Non-inter-level travel time spent in this place.
 C = Inter-level travel time spent in this place.
 D = Time resting spent in this place.
 E = Time spent auto-exploring this place.
 F = Levels seen in this place.
 G = Mean time per level.
                   A        B        C        D        E       F      G
               +--------+--------+--------+--------+--------+-----+--------+
         Total |   2293 |   2293 |      0 |    505 |   1378 |   2 | 1146.5 |
       Dungeon |   2293 |   2293 |      0 |    505 |   1378 |   2 | 1146.5 |
               +--------+--------+--------+--------+--------+-----+--------+

Top non-repeatable levels by time:
     D:2: 1659 daAuts
     D:1: 634 daAuts
